 Dungeon Crawl Stone Soup version 0.30.1-11-g7821555f0a (webtiles) character file.

Game seed: 11423407568865959927

415 quietsand the Insei (level 6, -10/32 HPs)
             Began as a Vine Stalker Monk on Nov 27, 2023.
             Was a Follower of Ru.
             Mangled by an ogre
             ... wielding a +0 giant spiked club
              (22 damage)
             ... on level 4 of the Dungeon.
             The game lasted 00:34:00 (3126 turns).

quietsand the Insei (Vine Stalker Monk)             Turns: 3126, Time: 00:34:01

Health: -10/32     AC:  4    Str: 14    XL:     6   Next: 91%
Magic:  0/7        EV: 13    Int: 10    God:    Ru [*.....]
Gold:   192        SH:  0    Dex: 18    Spells: 5/5 levels left

rFire   . .          .
                       - Unarmed
rCold   . . .        c - orb {light}
rNeg    . . .        a - +0 robe
rPois   .            f - +1 helmet
rElec   .            (no cloak)
rCorr   +            (no gloves)
SInv    .            (no boots)
Will    .....        (no amulet)
Stlth   +            l - ring of resist corrosion
HPRegen 1.05/turn    (no ring)
MPRegen 0.10/turn

%: guardian spirit
@: glowing
A: fangs 2, regeneration 1, magic shield, antimagic bite, no potion heal 2,
hated by all
a: Renounce Religion


You were on level 4 of the Dungeon.
You worshipped Ru.
Ru was aware of your devotion.
You visited 1 branch of the dungeon, and saw 4 of its levels.

You collected 192 gold pieces.

Inventory:

Hand Weapons
 n - a +1 dagger of chaos
Missiles
 g - 48 stones (quivered)
 q - a throwing net
 r - 6 poisoned darts
Armour
 a - a +0 robe (worn)
 c - an orb of light (worn)
 f - a +1 helmet (worn)
Magical Staves
 p - a staff of fire
Jewellery
 l - a ring of resist corrosion (left hand)
Wands
 m - a wand of polymorph (9)
Scrolls
 d - a scroll of enchant armour
 h - 3 scrolls of identify
 i - a scroll of vulnerability
 k - 2 scrolls of torment
 o - a scroll of immolation
 s - a scroll of fear {unknown}
Potions
 b - a potion of ambrosia
 e - a potion of flight
 j - 3 potions of curing


   Skills:
 + Level 3.4 Fighting
 + Level 3.5 Dodging
 + Level 1.6 Stealth
 + Level 6.1 Unarmed Combat


You had 5 spell levels left.
You didn't know any spells.
Your spell library was empty.

Dungeon Overview and Level Annotations

Branches:
Dungeon (4/15)
 Temple: D:4-7

Altars:
Ru
Vehumet
Xom

Shops:
D:4 (

Annotations:
D:4 exclusion: statue


Innate Abilities, Weirdness & Mutations

You have extremely sharp teeth.
Your natural rate of healing is unusually fast.
When hurt, damage is shared between your health and your magic reserves.
Your bite disrupts and absorbs the magic of your enemies.
Potions cannot restore your health.
You are hated by all.


Message History

Your Unarmed Combat skill increases to level 6!
You barely miss the orc wizard.
You bite the orc wizard, but do no damage.
The orc wizard barely misses you. The goblin barely misses you.
You barely miss the orc wizard. You bite the orc wizard.
The orc wizard's magic leaks into the air.
You drain its magic.
The orc wizard is moderately wounded.
The orc wizard hits you with a +0 dagger.
The goblin hits you but does no damage.
You hit the orc wizard.
The orc wizard is heavily wounded.
The goblin barely misses you.
The orc wizard hits you but does no damage.
You closely miss the orc wizard.
You bite the orc wizard, but do no damage.
The orc wizard is heavily wounded.
You hit the orc wizard but do no damage.
You bite the orc wizard.
The orc wizard's magic leaks into the air.
You drain its magic.
The orc wizard is severely wounded.
The orc wizard closely misses you. The goblin hits you with a +0 club.
You hit the orc wizard.
You kill the orc wizard!
The goblin closely misses you.
The ogre hits you with a +0 giant spiked club!!
Ouch! That really hurt!
* * * LOW HITPOINT WARNING * * *
The goblin closely misses you.
Things that are here:
a +0 dagger; a +2 robe of fire resistance; an orc corpse You barely miss the goblin.
The goblin closely misses you. The goblin attacks as you move away!
The goblin barely misses you.
You hit the ogre. You bite the ogre. You drain its power.
You feel invigorated.
The ogre is moderately wounded.
The goblin is stunned by your conviction and fails to attack.
The ogre hits you with a +0 giant spiked club!!
Ouch! That really hurt!
You die...

....#. ......#.# .♣..#.#.#
8._.....# . .......# #.# ♣
.♣......#########.# ..
.................### #..#
#...........#.#...#
.....#..................
....#...g..............# +. ..
.......@O).............# #. ...
........#).............# #.###..
.......##..$.....P.....# #..#..
.#♣♣♣♣♣ #..............# .....#
##.♣♣♣♣♣♣ ♣.......♣♣......
.....##..♣~~~~~~ ~P.......PP.....
.....#..♣♣~P~~P~P~~~......P.....#
......~♣♣~~~P~P.~~~.............#
......~~~~~~..........[..........


You could see an ogre and a goblin.

Vanquished Creatures
  4 crimson imps (D:3)
  An orc priest (D:4)
  4 orc wizards (D:4)
  3 gnolls (D:3)
  6 adders
  A worm (D:2)
  A dart slug (D:4)
  5 orcs (D:4)
  2 endoplasms (D:4)
  7 giant cockroaches
  6 hobgoblins
  2 jackals (D:1)
  6 kobolds
  7 quokkas
  5 ball pythons
  7 bats
  5 frilled lizards
  3 goblins
  6 rats
81 creatures vanquished.

Notes
Turn   | Place    | Note
-------+----------+-------------------------------------------
     0 | D:1      | quietsand the Vine Stalker Monk began the quest for the
                  | Orb.
     0 | D:1      | Reached XP level 1. HP: 11/11 MP: 2/2
   164 | D:1      | Reached XP level 2. HP: 16/16 MP: 3/3
  1045 | D:2      | Reached XP level 3. HP: 19/20 MP: 4/4
  1218 | D:2      | Gained mutation: Your natural rate of healing is unusually
                  | fast. [Vine Stalker growth]
  1218 | D:2      | Reached XP level 4. HP: 20/24 MP: 5/5
  1484 | D:2      | Reached skill level 4 in Unarmed Combat
  1612 | D:3      | Found a shimmering altar of Xom.
  1893 | D:3      | Reached XP level 5. HP: 28/28 MP: 6/6
  2141 | D:3      | Reached skill level 5 in Unarmed Combat
  2204 | D:3      | Reached XP level 6. HP: 32/32 MP: 7/7
  2591 | D:4      | Found Tuychaj's Weapon Shop.
  2706 | D:4      | Reached skill level 1 in Stealth
  2748 | D:4      | Found a sacrificial altar of Ru.
  2771 | D:4      | Became a worshipper of Ru the Awakened
  2986 | D:4      | Gained mutation: You are hated by all. [Ru sacrifice]
  2986 | D:4      | Reached * piety under Ru
  3092 | D:4      | Found a radiant altar of Vehumet.
  3116 | D:4      | Reached skill level 6 in Unarmed Combat
  3126 | D:4      | Mangled by an ogre

Illustrated notes

Levels and vault maps discovered:
D:1:      mushboom_english_gardens, layout_basic
D:2:      layout_basic
D:3:      layout_loops_ring, led_xom_imps, kennysheep_boxes
D:4:      layout_cave_pools, nicolae_ru_great_annihilating_truth,
          vehumet_statue, minmay_temple_entry_hall, serial_forest,
          infiniplex_forest_straight_3, infiniplex_forest_lined_room_3,
          infiniplex_forest_lined_room_2, infiniplex_forest_lined_ring,
          infiniplex_forest_corner_1, infiniplex_forest_end_2,
          infiniplex_forest_clump_tiny, serial_shops, nicolae_shop_hallway_plus,
          chequers_serial_rivers_micro_a, serial_bayou_ford_a,
          dreamdust_wishing_well, minmay_shop_grid_forest

Skill      XL: |  1  2  3  4  5  6 |
---------------+-------------------+-----
Fighting       | 3 |  3.4
Unarmed Combat | 4 5 6 |  6.1
Dodging        | 3 |  3.5
Stealth        | 1 |  1.6

Action                     |  1- 3 |  4- 6 || total
---------------------------+-------+-------++-------
  Melee: Unarmed           |    92 |   155 ||   247
         Bite              |    31 |    58 ||    89
 Invoke: Sacrifice Love    |       |     1 ||     1
    Use: Potion            |     2 |     4 ||     6
         Scroll            |     5 |     3 ||     8
   Stab: Paralysed         |       |     2 ||     2
         Confused          |       |     1 ||     1
 Armour: Robe              |    27 |    35 ||    62
         Skin              |       |     1 ||     1
  Dodge: Dodged            |   101 |    87 ||   188
